 Dungeon Crawl Stone Soup version 0.28.0-53-g5a82cb258f (webtiles) character file.

Game seed: 1464803308792346240

43 gobodom the Stinger (level 3, -2/24 HPs)
             Began as a Demonspawn Venom Mage on June 20, 2022.
             Slain by a phantom (8 damage)
             ... on level 1 of the Dungeon.
             The game lasted 00:07:37 (1526 turns).

gobodom the Stinger (Demonspawn Venom Mage)         Turns: 1526, Time: 00:07:37

Health: -2/24      AC:  2    Str: 10    XL:     3   Next: 37%
Magic:  6/6        EV: 12    Int: 16    God:
Gold:   43         SH:  0    Dex: 13    Spells: 3/6 levels left

rFire   . . .      SeeInvis .   d - +0 short sword
rCold   . . .      Faith    .   (no shield)
rNeg    . . .      Spirit   .   a - +0 robe
rPois   .          Reflect  .   (no helmet)
rElec   .          Harm     .   (no cloak)
rCorr   .          Rampage  .   (no gloves)
Will    .....                   (no boots)
Stlth   ++........              (no amulet)
HPRegen 0.08/turn               (no ring)
MPRegen 0.20/turn               (no ring)

@: no status effects
A: magic regeneration, weakness stinger 1
a: no special abilities


You were on level 1 of the Dungeon.
You visited 1 branch of the dungeon, and saw 2 of its levels.

You collected 43 gold pieces.

Inventory:

Hand Weapons
 d - a +0 short sword (weapon)
Missiles
 b - 13 arrows
 f - 47 stones
Armour
 a - a +0 robe (worn)
 c - an orb of guile
Jewellery
 j - an amulet of faith
Scrolls
 e - a scroll of fear {unknown}
 g - a scroll of teleportation {unknown}
 h - a scroll of enchant weapon {unknown}
Potions
 i - a potion of mutation {unknown}


   Skills:
 + Level 0.5 Short Blades
 + Level 1.9 Dodging
 + Level 1.9 Stealth
 + Level 2.3 Spellcasting
 + Level 1.8 Transmutations
 + Level 3.4 Poison Magic


You had 3 spell levels left.
You knew the following spells:

 Your Spells              Type           Power      Damage    Failure   Level
a - Sting                 Tmut/Pois      40%        1d5       7%          1
b - Poisonous Vapours     Pois/Air       14%        N/A       16%         2

Your spell library contained the following spells:

 Spells                   Type           Power      Damage    Failure   Level
 Freeze                   Ice            4%         1d3       21%         1
 Slow                     Hex            4%         N/A       21%         1
 Mephitic Cloud           Conj/Pois/Air  5%         N/A       36%         3
 Confusing Touch          Hex            1%         N/A       52%         3
 Frozen Ramparts          Ice            2%         1d2       52%         3
 Vampiric Draining        Necr           1%         2d6       52%         3
 Olgreb's Toxic Radiance  Pois           12%        N/A       43%         4
 Ice Form                 Ice/Tmut       4%         N/A       80%         4
 Hailstorm                Conj/Ice       1%         3d3       90%         4
 Summon Ice Beast         Ice/Summ       1%         N/A       90%         4


Dungeon Overview and Level Annotations

Branches:
Dungeon (2/15)

Altars:

Shops:
D:1 (


Innate Abilities, Weirdness & Mutations

You regenerate magic rapidly.
You have a small tail.


Message History

The adder closely misses you.
You closely miss the adder.
Your tail-slap misses the adder.
The adder is almost dead.
The adder bites you but does no damage. The adder bites you.
You miss the adder.
Your tail-slap misses the adder.
The adder is almost dead.
You kill the adder!
HP restored.
A phantom comes into view.
Casting: Sting (safe; 7% risk of failure)
Confirm with . or Enter, or press ? or * to list all spells.
You can't see any susceptible monsters within range! (Use Z to cast anyway.)
A hobgoblin comes into view.
The hobgoblin shouts!
The hobgoblin hits you.
You hit the hobgoblin.
The hobgoblin is almost dead.
The hobgoblin closely misses you.
You hit the hobgoblin.
You kill the hobgoblin!
There is a stone staircase leading up here.
The phantom closely misses you.
You climb upwards.
There is a stone staircase leading down here.
You hit the phantom but do no damage. The phantom hits you.
The phantom blinks!
You blink.
You hit the phantom. You tail-slap the phantom.
The phantom is moderately damaged.
The phantom barely misses you.
You hit the phantom.
The phantom is moderately damaged.
The phantom hits you!
You closely miss the phantom.
The phantom is moderately damaged.
The phantom hits you!
* * * LOW HITPOINT WARNING * * *
You barely miss the phantom.
The phantom is moderately damaged.
The phantom hits you!
You die...

.######....#####.......# #.# .##
####.# #..####### #.# ..#
#.####.## #.# # ..##### #......#
#.# ##
......####)..###############.###.
........)........................
..###..###.#....############.####
...###.##..####.## ##.#
#.........### #.@##### ###..#
##..##......# ##W....# ##...##
#.......###.# #####>###.....##
..#.##..# #.#### #..........#
.##.#..## #....### ####.......#
.##...######.รท...# #.......#
............)##### ##.....##
####..######## #.......# #..#
#.......#


You could see a phantom.

Vanquished Creatures
  An adder (D:2)
  2 bats (D:1)
  3 endoplasms (D:1)
  3 goblins (D:1)
  3 hobgoblins
  4 jackals (D:1)
  A quokka (D:2)
  3 ball pythons (D:1)
  3 frilled lizards (D:1)
  5 kobolds (D:1)
  A rat (D:1)
29 creatures vanquished.

Notes
Turn   | Place    | Note
-------+----------+-------------------------------------------
     0 | D:1      | gobodom the Demonspawn Venom Mage began the quest for the
                  | Orb.
     0 | D:1      | Reached XP level 1. HP: 13/13 MP: 3/3
    74 | D:1      | Reached skill level 1 in Transmutations
   253 | D:1      | Found a faded altar of an unknown god.
   308 | D:1      | Gained mutation: You have a small tail. [demonic ancestry]
   308 | D:1      | Reached XP level 2. HP: 15/19 MP: 0/5
   733 | D:1      | Learned a level 2 spell: Poisonous Vapours
   857 | D:1      | Found Iwone's Weapon Boutique.
  1162 | D:1      | Gained mutation: You regenerate magic rapidly. [demonic
                  | ancestry]
  1162 | D:1      | Reached XP level 3. HP: 22/24 MP: 2/6
  1449 | D:2      | Noticed a phantom
  1526 | D:1      | Slain by a phantom

Illustrated notes

Levels and vault maps discovered:
D:1:      nzn_arrival_settlement, layout_rooms,
          chequers_ecumenical_altar_island, serial_shops,
          nicolae_shop_waterfront
D:2:      layout_basic, serial_shops, shop, minmay_quantized

Skill      XL: |  1 |
---------------+----+-----
Transmutations | 1 |  1.8
Short Blades   | |  0.5
Dodging        | |  1.9
Stealth        | |  1.9
Spellcasting   | |  2.3
Poison Magic   | |  3.4

Action                   || total
-------------------------++-------
Melee: Short sword       ||    56
       Unarmed           ||     2
       Punch             ||     1
       Tailslap          ||     5
 Cast: Sting             ||    39
  Use: Potion            ||     1
Armor: Robe              ||     6
       Skin              ||    26
Dodge: Dodged            ||    43
